 Dungeon Crawl Stone Soup version 0.27.1-2-g3b301248ec (webtiles) character file.

Game seed: 5497903420707844232

2186 Borgoz the Skirmisher (level 9, -2/85 HPs)
             Began as a Gargoyle Berserker on Sept 26, 2021.
             Was an Elder of Trog.
             Killed from afar by a gargoyle (6 damage)
             ... with a stone arrow
             ... on level 6 of the Dungeon.
             The game lasted 00:06:23 (5733 turns).

Borgoz the Skirmisher (Gargoyle Berserker)          Turns: 5733, Time: 00:06:24

Health: -2/85      AC: 18    Str: 22    XL:     9   Next: 33%
Magic:  9/9        EV: 17    Int: 13    God:    Trog [****..]
Gold:   326        SH:  0    Dex: 12    Spells: 8/8 levels left

rFire    . . .     SeeInvis .   a - +0 mace
rCold    . . .     Faith    .   (no shield)
rNeg     + . .     Spirit   .   B - +0 acid dragon scales
rPois    ∞         Reflect  .   f - +0 helmet
rElec    +         Harm     .   k - +0 cloak
rCorr    +         Rampage  .   h - +0 pair of gloves
Will     ++...                  (no boots)
Stlth    ..........             z - amulet of the acrobat
HPRegen  1.24/turn              m - +6 ring of intelligence
MPRegen  0.11/turn              y - +4 ring of evasion

@: berserking, about to teleport, strong-willed, regenerating, very quick
A: sickness immunity, AC +6, negative energy resistance 1, electricity
resistance, torment resistance 1, petrification resistance
a: Renounce Religion, Berserk, Trog's Hand, Brothers in Arms


You were on level 6 of the Dungeon.
You worshipped Trog.
Trog was greatly pleased with you.
You visited 1 branch of the dungeon, and saw 6 of its levels.

You collected 326 gold pieces.

Inventory:

Hand Weapons
 a - a +0 mace (weapon)
 b - a +2 whip of electrocution
Armour
 f - a +0 helmet (worn)
 h - a +0 pair of gloves (worn)
 k - a +0 cloak (worn)
 t - the +0 tower shield of Wicked Awe {Rampage rN+ Will+}
   (You found it on level 4 of the Dungeon)

   rN:        It protects you from negative energy.
   Rampage:   It bestows one free step when moving towards enemies.
   Will:      It increases your willpower.
 B - +0 acid dragon scales (worn)
Jewellery
 m - a +6 ring of intelligence (left hand)
 y - a +4 ring of evasion (right hand)
 z - an amulet of the acrobat (around neck)
 D - a ring of ice
Wands
 r - a wand of iceblast (7)
 E - a wand of digging (8)
Scrolls
 c - 3 scrolls of fog {unknown}
 g - 2 scrolls of fear {unknown}
 l - 3 scrolls of teleportation
 n - a scroll of enchant armour {unknown}
 o - a scroll of immolation {unknown}
 q - a scroll of blinking {unknown}
 u - a scroll of amnesia {unknown}
 x - 2 scrolls of identify {unknown}
 A - 2 scrolls of magic mapping {unknown}
Potions
 d - 2 potions of might {unknown}
 e - 2 potions of curing {unknown}
 i - a potion of cancellation {unknown}
 j - a potion of flight {unknown}
 p - a potion of brilliance {unknown}
 s - a potion of lignification {unknown}
 v - a potion of magic {unknown}
 w - a potion of mutation {unknown}
 C - a potion of heal wounds {unknown}


   Skills:
 * Level 7.6 Fighting
 * Level 6.9 Maces & Flails
 * Level 7.1 Armour
 + Level 4.7 Dodging


You had 8 spell levels left.
You didn't know any spells.
Your spell library was empty.

Dungeon Overview and Level Annotations

Branches:
Dungeon (6/15)
 Temple: D:4-7

Altars:
Cheibriados
Elyvilon
Ru

Shops:
D:2 *

Annotations:
D:6 Prince Ribbit


Innate Abilities, Weirdness & Mutations

You are immune to sickness and miasma.
Your stone body is resilient. (AC +6)
You are immune to poison.
You resist negative energy. (rN+)
You are resistant to electric shocks. (rElec)
You are resistant to unholy torment.
You are immune to petrification.


Message History

The gargoyle is lightly damaged.
The gargoyle hurls a stone arrow at you.
The stone arrow misses you.
You hit the gargoyle but do no damage.
The gargoyle is lightly damaged.
The gargoyle hits you with a +0 flail!
You hit the gargoyle but do no damage.
The gargoyle is lightly damaged.
You hit the gargoyle but do no damage.
The gargoyle is lightly damaged.
The gargoyle hits you with a +0 flail!
You hit the gargoyle but do no damage.
The gargoyle is lightly damaged.
The gargoyle hurls a stone arrow at you.
The stone arrow hits you!!
* * * LOW HITPOINT WARNING * * *
Your +2 whip of electrocution stops crackling.
a - a +0 mace (weapon)
Your skin crawls.
You feel strong-willed.
The gargoyle hurls a stone arrow at you.
The stone arrow misses you.
The gargoyle hurls a stone arrow at you.
The stone arrow hits you.
* * * LOW HITPOINT WARNING * * *
Okay, then.
Okay, then.
Okay, then.
Okay, then.
As you read the scroll labelled JUNGUV PASI, it crumbles to dust.
You feel strangely unstable.
It was a scroll of teleportation.
A red film seems to cover your vision as you go berserk!
You feel yourself moving faster!
You feel mighty!
The gargoyle hurls a stone arrow at you.
The stone arrow hits you!
* * * LOW HITPOINT WARNING * * *
You hit the gargoyle but do no damage.
The gargoyle hurls a stone arrow at you.
The stone arrow hits you.
You die...

##############
##.....##.....##
##..........[...##
.................#
.................#
#................#
#.)..............#
.................###
###..####.......@..##...
..####).#.......9.......
..#..#..#..........<....
)##)))..#...............
..#'#####...............
.....'..#..........!....
#'##.#..#...............
.).#.#####..........[...
...#..#..#..#..>........


You could see a gargoyle.

Vanquished Creatures
  A manticore (D:6)
  Maggie (D:6)
  Eustachio (D:6)
  Menkaure (D:5)
  A necrophage (D:5)
  A sky beast (D:5)
  An ogre (D:5)
  A centaur (D:6)
  A wyvern zombie (D:5)
  A scorpion (D:5)
  A water moccasin zombie (D:5)
  A wyvern skeleton (D:5)
  2 hounds
  A jelly (D:4)
  A gnoll shaman (D:5)
  An orc priest (D:6)
  Crazy Yiuf (D:2)
  An iguana (D:4)
  8 orc wizards
  A hound zombie (D:5)
  Robin (D:2)
  8 gnolls
  5 adders
  A howler monkey skeleton (D:4)
  2 ufetubi
  A dart slug (D:3)
  20 orcs
  11 ball pythons
  4 bats
  7 endoplasms
  18 goblins
  15 hobgoblins
  4 jackals (D:3)
  5 quokkas
  7 frilled lizards
  10 kobolds
  2 rats
149 creatures vanquished.

Notes
Turn   | Place    | Note
-------+----------+-------------------------------------------
     0 | D:1      | Borgoz the Gargoyle Berserker began the quest for the Orb.
     0 | D:1      | Reached XP level 1. HP: 14/14 MP: 1/1
   321 | D:1      | Reached XP level 2. HP: 19/19 MP: 2/2
   834 | D:1      | Reached XP level 3. HP: 23/23 MP: 3/3
  1035 | D:2      | Found Qumeemas's Assorted Antiques.
  1051 | D:2      | Reached ** piety under Trog
  1106 | D:2      | Noticed Robin
  1152 | D:2      | Killed Robin
  1557 | D:2      | Found a sacrificial altar of Ru.
  1579 | D:2      | Reached XP level 4. HP: 29/29 MP: 4/4
  1690 | D:2      | Found a runed translucent door.
  1691 | D:2      | Noticed Crazy Yiuf
  2232 | D:2      | Killed Crazy Yiuf
  2357 | D:3      | Reached XP level 5. HP: 30/33 MP: 5/5
  3166 | D:4      | Reached *** piety under Trog
  3631 | D:4      | Reached XP level 6. HP: 39/39 MP: 6/6
  3666 | D:4      | Found a snail-covered altar of Cheibriados.
  3753 | D:4      | Found a white marble altar of Elyvilon.
  3778 | D:4      | Identified the +0 tower shield of Wicked Awe {Rampage rN+
                  | Will+}
  3948 | D:5      | Entered Level 5 of the Dungeon
  4247 | D:5      | Reached skill level 5 in Fighting
  4247 | D:5      | Reached XP level 7. HP: 8/44 MP: 7/7
  4754 | D:5      | Reached skill level 5 in Maces & Flails
  4765 | D:5      | Reached skill level 5 in Armour
  4778 | D:5      | Reached XP level 8. HP: 51/51 MP: 8/8
  4987 | D:5      | Noticed Menkaure
  4990 | D:5      | Killed Menkaure
  5150 | D:6      | Reached **** piety under Trog
  5184 | D:6      | Noticed a manticore
  5202 | D:6      | Killed a manticore
  5403 | D:6      | Reached XP level 9. HP: 57/57 MP: 9/9
  5440 | D:6      | Noticed Maggie
  5457 | D:6      | Killed Maggie
  5665 | D:6      | Noticed Prince Ribbit
  5689 | D:6      | Noticed Eustachio
  5700 | D:6      | Killed Eustachio
  5719 | D:6      | Noticed a gargoyle
  5732 | D:6      | HP: 3/85 [gargoyle/stone arrow (14)]
  5733 | D:6      | Killed from afar by a gargoyle

Illustrated notes

Levels and vault maps discovered:
D:1:      matt_arrival_grand_opening, layout_basic
D:2:      layout_loops_ring, serial_shops, shop, basic_altar, uniq_robin,
          uniq_crazy_yiuf_cottage
D:3:      layout_rooms
D:4:      layout_loops_ring, cheibriados_altar_1,
          mainiacjoe_overflow_tiny_flanked, minmay_fountain_box,
          supply_closet_lemuel
D:5:      layout_basic, uniq_menkaure
D:6:      corexii_shantytown, layout_rooms, lemuel_tele_altar, uniq_pikel,
          uniq_grinder, uniq_prince_ribbit1, uniq_maggie, uniq_eustachio

Skill      XL: |  1  2  3  4  5  6  7  8  9 |
---------------+----------------------------+-----
Dodging        | 2 3 4 |  4.7
Armour         | 3 4 5 6 7 |  7.1
Fighting       | 4 5 7 |  7.6
Maces & Flails | 4 5 6 |  6.9

Action                   |  1- 3 |  4- 6 |  7- 9 || total
-------------------------+-------+-------+-------++-------
Melee: Mace              |   119 |    85 |     1 ||   205
       Whip              |       |   110 |   189 ||   299
Invok: Berserk           |     1 |     3 |     2 ||     6
       Trog's Hand       |     1 |       |     2 ||     3
  Use: Scroll            |       |       |     1 ||     1
 Stab: Sleeping          |     3 |     3 |       ||     6
Armor: Animal skin       |    52 |   105 |       ||   157
       Scale mail        |       |    10 |    43 ||    53
       Acid dragon scale |       |       |     9 ||     9
Dodge: Dodged            |    88 |   152 |    76 ||   316
